 Dungeon Crawl Stone Soup version 0.29.1-1-gd02db6906a (webtiles) character file.

Game seed: 1795458542992314160

41 RatsInWalls the Chopper (level 3, 1/33 HPs)
             Began as a Hill Orc Monk on Oct 21, 2022.
             Quit the game on level 2 of the Dungeon.
             The game lasted 00:03:41 (1751 turns).

RatsInWalls the Chopper (Hill Orc Monk)             Turns: 1751, Time: 00:03:41

Health: 1/33       AC:  2    Str: 12 (15) XL:     3   Next: 52%
Magic:  3/3        EV: 12    Int:  9 (10) God:
Gold:   123        SH:  5    Dex: 11 (13) Spells: 2/2 levels left

rFire   + . .      SeeInvis .   a - +0 hand axe
rCold   + . .      Faith    .   (no shield)
rNeg    . . .      Spirit   .   b - +0 robe
rPois   +          Reflect  +   (no helmet)
rElec   +          Harm     .   (no cloak)
rCorr   +          Rampage  .   (no gloves)
Will    .....                   (no boots)
Stlth   ++........              j - amulet of reflection
HPRegen 0.11/turn               (no ring)
MPRegen 0.08/turn               (no ring)

@: brilliant, lethally poisoned (1 -> -1), resistant, hasted, very quick
A: no striking features
a: no special abilities


You were on level 2 of the Dungeon.
You visited 1 branch of the dungeon, and saw 2 of its levels.

You collected 123 gold pieces.

Inventory:

Hand Weapons
 a - a +0 hand axe (weapon)
Missiles
 f - 9 poisoned darts (quivered)
Armour
 b - a +0 robe (worn)
Jewellery
 j - an amulet of reflection (around neck)
Scrolls
 d - a scroll of vulnerability {unknown}
 i - 4 scrolls of teleportation {unknown}
 l - a scroll of fog {unknown}
 n - a scroll of identify {unknown}


   Skills:
 + Level 4.1 Fighting
 * Level 5.1 Axes
 + Level 1.3 Armour
 - Level 2.4 Dodging
 - Level 1.5 Stealth


You had 2 spell levels left.
You didn't know any spells.
Your spell library contained the following spells:

 Spells                   Type           Power      Damage    Failure   Level
 Gell's Gravitas          Tloc           0%         N/A       77%         3
 Lesser Beckoning         Tloc           0%         N/A       77%         3
 Teleport Other           Tloc           0%         N/A       77%         3


Dungeon Overview and Level Annotations

Branches:
Dungeon (2/15)

Altars:


Message History

* * * LOW HITPOINT WARNING * * *
You are more poisoned.
The adder poisons you!
You are confused.
You feel invigorated.
* * * LOW HITPOINT WARNING * * *
You feel very sick. The adder closely misses you. The adder bites you.
* * * LOW HITPOINT WARNING * * *
Unknown command.
It was a potion of resistance.
You feel protected.
* * * LOW HITPOINT WARNING * * *
You feel sick. The adder bites you.
* * * LOW HITPOINT WARNING * * *
Unknown command.
It was a potion of degeneration.
There was something very wrong with that liquid.
You feel weakened.
You feel dopey.
You feel clumsy.
You feel less invigorated.
You feel less confused.
* * * LOW HITPOINT WARNING * * *
You feel sick. The adder barely misses you.
It was a potion of haste.
You feel yourself speed up.
* * * LOW HITPOINT WARNING * * *
You feel sick. The adder bites you.
* * * LOW HITPOINT WARNING * * *
Unknown command.
As you read the scroll labelled PAULOF EZILOH, it crumbles to dust.
You feel a surge of unholy energy.
The adder convulses!
It was a scroll of torment.
The adder barely misses you.
Unknown command.
* * * LOW HITPOINT WARNING * * *
You feel sick.
Unknown command.
You feel more clever all of a sudden.
* * * LOW HITPOINT WARNING * * *
You feel sick. The adder closely misses you.
Unknown command.
Are you sure you want to abandon this character and quit the game? (Confirm with "yes".)

..###....### #.#
#.......#
#.)##...### #.##
#.......#
##........# #..#
#########
##.####.....###.##
...# ..##..# #..#
#### ####..# ##.#
.. #...# #.# .#.
#..# #.# .. # #...
#@# ... ###...#S#
...# ........####
...# ...........#
..#.##.........# #
##.####.#.. #.# #
#.# #.#


You could see an adder.

Vanquished Creatures
  A dart slug (D:1)
  An orc (D:2)
  7 endoplasms
  A giant cockroach (D:1)
  2 goblins
  4 hobgoblins (D:1)
  2 quokkas (D:1)
  3 ball pythons (D:1)
  2 bats (D:1)
  2 frilled lizards
  3 kobolds (D:1)
  7 rats
35 creatures vanquished.

Notes
Turn   | Place    | Note
-------+----------+-------------------------------------------
     0 | D:1      | RatsInWalls the Hill Orc Monk began the quest for the Orb.
     0 | D:1      | Reached XP level 1. HP: 19/19 MP: 1/1
   216 | D:1      | Reached XP level 2. HP: 24/27 MP: 2/2
   640 | D:1      | Reached skill level 1 in Armour
  1003 | D:1      | Reached XP level 3. HP: 32/33 MP: 3/3
  1279 | D:1      | Reached skill level 5 in Axes
  1750 | D:2      | HP: 1/33 [poisoned by an adder]
  1751 | D:2      | Quit the game

Illustrated notes

Levels and vault maps discovered:
D:1:      onia_arrival_handbag, layout_loops_corners, minivault_23,
          minmay_surrounded
D:2:      layout_rooms, nicolae_ecumenical_snake_handling, grunt_ministairs_9

Skill      XL: |  1  2  3 |
---------------+----------+-----
Armour         | 1 |  1.3
Fighting       | 4 |  4.1
Axes           | 5 |  5.1
Dodging        | |  2.4
Stealth        | |  1.5

Action                   || total
-------------------------++-------
Melee: Hand axe          ||    98
       Punch             ||     2
  Use: Potion            ||     6
       Scroll            ||     1
 Stab: Sleeping          ||     7
Armor: Robe              ||    18
Dodge: Dodged            ||    50
Block: Other             ||     2
       Reflection        ||     1
